[Event "Early-Titled-Tuesday-Blitz-October-10-2023"]
[Site "Chess.com"]
[Date "2023.10.10"]
[Round "5"]
[White "Shuvalov"]
[Black "carokannlover213"]
[Result "0-1"]
[WhiteElo "2487"]
[BlackElo "2736"]
[TimeControl "180+1"]
[EndTime "8:55:11 PDT"]
[Termination "carokannlover213 won by resignation"]

1. d4 g6 2. c4 c6 3. Nc3 Bg7 4. e4 d6 5. Nf3 Nf6 6. Be2 O-O 7. O-O Nbd7 8. Re1 e5 9. Bf1 Re8 10. g3 exd4 11. Nxd4 Nc5 12. Bg2 Ng4 13. Nb3 Nxb3 14.
axb3 Qb6 15. Re2 Bd4 16. Qf1 Qxb3 17. h3 Ne5 18. Be3 Bxe3 19. Rxe3 Qxc4 20. Rd1 Qxf1+ 21.
Bxf1 Rd8 22. f4 Nd7 23. Rxd6 Re8 24. e5 Nb6 25. Ne4 Kg7 26. Nf6 Rf8 27. g4 Be6 28. Bd3 Rad8 29. Rxd8 Rxd8 30. f5 Bc4 31. Be4 Rd1+ 32.
Kh2 Rd2+ 33. Kg3 Rxb2 34. Ne8+ Kf8 35. Nd6 Ba2 36. e6 fxe6 37. fxg6 hxg6 38. Bxg6 Nc4 39. Rf3+ Kg7 40. Nxc4 Bxc4 41. Be8 a5 42. g5 a4 43.
h4 Rb3 44. h5 Rxf3+ 45. Kxf3 a3 46. h6+ Kf8 47. g6 a2 48. g7+ Ke7 49. g8=Q a1=Q 50. Qf7+ Kd6 51. Qd7+ Kc5 52. Qe7+ Kb5 53. Qg7 Qf1+ 54.
Kg3 Qe1+ 55. Kf4 Qf2+ 56. Kg5 Qf5+ 57. Kh4 Qf4+ 58. Qg4 Qxh6+ 59. Bh5 Qf6+ 60. Kg3 Qe5+ 61. Kh4 c5 62. Bg6 Qd4 63. Kg5 Qxg4+ 64. Kxg4 Bd5 0-1

[Event "Early-Titled-Tuesday-Blitz-October-10-2023"]
[Site "Chess.com"]
[Date "2023.10.10"]
[Round "5"]
[White "Bilan_Danila"]
[Black "ChainedDowntohell"]
[Result "1-0"]
[WhiteElo "2578"]
[BlackElo "2436"]
[TimeControl "180+1"]
[EndTime "8:55:11 PDT"]
[Termination "Bilan_Danila won on time"]

1. d4 Nf6 2. Nf3 e6 3. g3 b6 4. Bg2 Bb7 5. O-O Be7 6. c4 O-O 7. d5 exd5 8. Nh4 c6 9. cxd5 Nxd5 10. Nf5 Na6 11. e4 Nf6 12. Nc3 d5 13. Bf4 Nc7 14. Re1 Ne6 15. exd5 cxd5 16. Nxd5 Nxd5 17. Bxd5 Bxd5 18. Qxd5 Nxf4 19. Nxe7+ Qxe7 20. gxf4 Qf6 21. Qe5 Qg6+ 22. Kh1 Rad8 23. Rg1 Qc6+ 24. Rg2 g6 25. Rg1 Rfe8 26. Qg5 Rd2 27. Qh4 Ree2 28. Rf1 Rxf2 29. Qxf2 Rxf2 30. Rxf2 Qe4 31. h3 Qd5 32. Kh2 Qxa2 33. f5 Qd5 34. fxg6 hxg6 35. Rd2 Qe5+ 36. Kg1 Kg7 37. Rd3 Qe1+ 38. Kh2 Qe5+ 39. Rdg3 f5 40. Kg1 Qd6 41. Kf2 Kh6 42. Kf3 Qd5+ 43. Kf2 Qd4+ 44.
Kf1 Qc4+ 45. Ke1 Qc1+ 46. Kf2 Qxb2+ 47. Kg1 Qd4+ 48. Kh2 Qd6 49. Kg1 f4 50. Rg4 a5 51.
Rf2 Qd1+ 52. Kg2 Qd5+ 53. Kh2 g5 54. h4 Qe5 55. hxg5+ Kg6 56. Rfxf4 a4 57. Kh3 a3 58.
Rf6+ Kg7 59. Ra4 Qe3+ 60. Kh4 1-0

[Event "Early-Titled-Tuesday-Blitz-October-10-2023"]
[Site "Chess.com"]
[Date "2023.10.10"]
[Round "5"]
[White "Quattroporte300"]
[Black "LUISMIGUELOV"]
[Result "1-0"]
[WhiteElo "2382"]
[BlackElo "2138"]
[TimeControl "180+1"]
[EndTime "8:55:11 PDT"]
[Termination "Quattroporte300 won on time"]

1. e4 c6 2. d4 d5 3. exd5 cxd5 4. Bd3 Nc6 5. c3 Qc7 6. Ne2 Bg4 7. O-O e6 8. Qe1 Bxe2 9. Qxe2 Bd6 10. h3 Nf6 11.
Bg5 Be7 12. Nd2 h6 13. Bh4 O-O 14. Bg3 Bd6 15. Bxd6 Qxd6 16. Rae1 a6 17. f4 Rfe8 18. a3 b5 19. Nf3 Na5 20. Ne5 Nc4 21. Bb1 Qe7 22.
g4 a5 23. g5 hxg5 24. fxg5 Ne4 25. Bxe4 dxe4 26. Qh5 Nxe5 27. dxe5 g6 28. Qh6 Qf8 29. Qh4 Qg7 30. Qxe4 b4 31. axb4 axb4 32. c4 b3 33. Re3 Ra5 34. Rfe1 Rb8 35. Rc3 Ra2 36. Re2 Ra1+ 37.
Kg2 Rd8 38. c5 Rdd1 39. c6 Rg1+ 40. Kh2 Rgc1 41. Rxc1 Rxc1 42. Kg3 Qf8 43. Qe3 Rxc6 44. Qxb3 Qd8 45. Qe3 Rc4 46. Rd2 Qa8 47. Qf3 Qc8 48. Qd1 Qc7 49. Rd6 Rc5 50. Qd4 Rd5 51. Rxd5 exd5 52. Qxd5 Qc2 53. e6 fxe6 54. Qxe6+ Kg7 55. Qe7+ Kg8 56. Qe8+ Kg7 57. Qe5+ Kg8 58. Qc3 Qf5 59.
h4 Qf1 60. b4 Qg1+ 61. Kf4 Qh2+ 62. Ke3 Qxh4 63. Qb3+ 1-0

[Event "Early-Titled-Tuesday-Blitz-October-10-2023"]
[Site "Chess.com"]
[Date "2023.10.10"]
[Round "5"]
[White "marvelavengers4"]
[Black "motivated_bishop"]
[Result "0-1"]
[WhiteElo "2280"]
[BlackElo "2473"]
[TimeControl "180+1"]
[EndTime "8:55:15 PDT"]
[Termination "motivated_bishop won by resignation"]

1. d4 Nf6 2. Nf3 g6 3. Bf4 Bg7 4. e3 O-O 5. Nbd2 d6 6. h3 c5 7. Be2 b6 8. c3 Bb7 9. O-O Nbd7 10. Bh2 a6 11. Re1 Ra7 12. Bd3 Qa8 13. e4 e5 14. dxe5 dxe5 15. Nxe5 Nxe5 16. Bxe5 Rd8 17. Qe2 Nh5 18. Bh2 Bh6 19. Nf1 b5 20. Rad1 Bc6 21.
Ne3 Rad7 22. Ng4 Bg7 23. Bc2 Qc8 24. e5 Rxd1 25. Rxd1 Rxd1+ 26. Qxd1 Qd7 27. Qd6 Qxd6 28. exd6 f5 29. Ne5 Bxe5 30. Bxe5 Kf7 31. g4 fxg4 32. hxg4 Nf6 33. Bxf6 Kxf6 34. f4 h6 35. Kf2 Bd7 36.
Kg3 Be8 37. Bb3 c4 38. Bc2 Ke6 39. Be4 Kxd6 40. Kf3 a5 41. Ke3 Kc5 42. g5 hxg5 43. fxg5 b4 44. Kf4 a4 45. cxb4+ Kxb4 46. Bc2 a3 47. b3 Bf7 48. bxc4 Bxc4 49. Bb1 Kc3 50. Ke5 Kb2 51. Bxg6 Kxa2 52. Kd4 Kb2 53. Kxc4 a2 54.
Be4 a1=Q 55. g6 Qa6+ 56. Kd4 Qf6+ 57. Kd5 Kc3 58. Bb1 Kd2 59. Kc5 Qg7 60. Be4 Ke3 61.
Bf5 Kf4 62. Bd3 Qc3+ 63. Bc4 Kg5 64. g7 Qxg7 65. Kd5 Kf4 66. Kc5 Qe5+ 67. Bd5 Ke3 68. Kc6 Kd4 69. Bb3 Qc5+ 70. Kd7 Qb5+ 71. Ke7 Qxb3 0-1

[Event "Early-Titled-Tuesday-Blitz-October-10-2023"]
[Site "Chess.com"]
[Date "2023.10.10"]
[Round "5"]
[White "borocotoajua"]
[Black "Haykoooo0o"]
[Result "1/2-1/2"]
[WhiteElo "2574"]
[BlackElo "2448"]
[TimeControl "180+1"]
[EndTime "8:55:16 PDT"]
[Termination "Game drawn by repetition"]

1. d4 Nf6 2. Nf3 b6 3. c4 Bb7 4.
g3 e6 5. Bg2 c5 6. d5 exd5 7. Nh4 d6 8. O-O Nbd7 9. cxd5 Be7 10. Nf5 O-O 11. Bf4 Nb8 12. Nc3 a6 13. a4 Re8 14. Qb3 Bf8 15. Rfe1 Nh5 16. Bd2 Nd7 17. g4 Nhf6 18. h3 Ne5 19. Bg5 h6 20. Bxf6 Qxf6 21.
Qxb6 Rab8 22. Qb3 Ng6 23. e3 Nh4 24. Ne4 Qd8 25. Nxh4 Qxh4 26. Ng3 g6 27. Qd3 Bg7 28. Rab1 Be5 29. Ne4 Bc8 30. Nd2 h5 31. Nf3 Qf6 32.
gxh5 Bxh3 33. Nxe5 Bxg2 34. Kxg2 Rxe5 35. hxg6 Rg5+ 36.
Kf1 fxg6 37. b3 Rf8 38. f4 Rg3 39. Qe4 Qh4 40. Rb2 Qh3+ 41. Rg2 Qh1+ 42. Kf2 Rxg2+ 43. Qxg2 Qh4+ 44. Qg3 Qf6 45. Qg5 Qf7 46. Rg1 Kg7 47.
Rh1 Rh8 48. Rxh8 Kxh8 49. Qd8+ Kg7 50. Qxd6 Qb7 51. Qe5+ Kh7 52. d6 Qxb3 53. Qe7+ Kh6 54.
d7 Qc2+ 55. Kf3 Qd1+ 56. Kf2 Qd2+ 57. Kf3 Qd5+ 58. e4 Qd3+ 59. Kf2 Qd2+ 60. Kg3 Qe3+ 61.
Kg2 Qe2+ 62. Kg3 Qe3+ 63. Kg2 Qe2+ 64. Kg3 Qe3+ 1/2-1/2

[Event "Early-Titled-Tuesday-Blitz-October-10-2023"]
[Site "Chess.com"]
[Date "2023.10.10"]
[Round "5"]
[White "Krlence"]
[Black "karinachess1"]
[Result "1-0"]
[WhiteElo "2440"]
[BlackElo "2610"]
[TimeControl "180+1"]
[EndTime "8:55:16 PDT"]
[Termination "Krlence won on time"]

1. e4 e5 2. Bc4 Nf6 3. d3 c6 4. Nf3 Be7 5. O-O d6 6. h3 O-O 7. c3 Nbd7 8. Bb3 h6 9. Re1 Re8 10. Nbd2 Nf8 11. Nf1 Be6 12. Ng3 Qd7 13. d4 Bxb3 14.
Qxb3 Ng6 15. dxe5 dxe5 16. Be3 Bf8 17. Rad1 Qc7 18. Qc2 b6 19. Nf5 Rad8 20. a4 Rxd1 21.
Rxd1 Rd8 22. Ng3 Rxd1+ 23. Qxd1 Qd7 24. Qe2 Nf4 25. Bxf4 exf4 26. Nf5 Qe6 27. Nd2 Nd7 28. Nd4 Qg6 29. N2f3 Bc5 30. b4 Bxd4 31. cxd4 Qd6 32.
Qc4 g6 33. b5 c5 34. e5 Qe7 35. dxc5 Nxc5 36. Qxf4 Ne6 37. Qxh6 Qb4 38. Qh4 Qb1+ 39. Kh2 Qf1 40. Kg3 Qa1 41. Qc4 Nc5 42. Ng5 Qxe5+ 43. f4 Qe3+ 44. Kh2 Qe7 45. a5 Qc7 46. axb6 axb6 47.
Kg3 Qe7 48. Qd4 Ne6 49. Nxe6 Qxe6 50. Qe5 Qb3+ 51. Kh2 Kh7 52. f5 gxf5 53. Qxf5+ Kg8 54. Qg4+ Kh7 55. Qh5+ Kg8 56. Qg5+ Kh7 57. Qh4+ Kg8 58. Qd8+ Kg7 59. Qxb6 Qd3 60. Qc6 Qe3 61. Qd6 1-0

[Event "Early-Titled-Tuesday-Blitz-October-10-2023"]
[Site "Chess.com"]
[Date "2023.10.10"]
[Round "5"]
[White "Sunny_Star"]
[Black "howitzer14"]
[Result "1-0"]
[WhiteElo "2101"]
[BlackElo "3006"]
[TimeControl "180+1"]
[EndTime "8:55:18 PDT"]
[Termination "Sunny_Star won by checkmate"]

1. f4 b5 2. Nf3 Bb7 3. e3 a6 4. g3 c5 5. Bg2 e6 6. O-O Nf6 7.
a4 Be7 8. Qe2 b4 9. d3 d5 10.
Nbd2 Nc6 11. e4 O-O 12. Ne5 a5 13. Nxc6 Bxc6 14. e5 Nd7 15. Nc4 Qc7 16. Ne3 Rae8 17. Ng4 Bd8 18. c3 f6 19. d4 Qa7 20. Be3 Bb6 21.
Rfd1 Re7 22. Kh1 Kh8 23. Qc2 Bb7 24. Rd2 Ba6 25. Re1 f5 26. Nf2 Rc8 27. Qb1 Nb8 28. Nh3 cxd4 29. cxd4 h6 30. g4 Rf8 31. gxf5 Rxf5 32.
Bxd5 Bb7 33. Be4 Bd5 34. Bxd5 Rh5 35. Bg2 Qd7 36. Nf2 Rh4 37. Ne4 Nc6 38. Red1 Rf7 39. Bf3 Ne7 40. Nc5 Nf5 41. Nxd7 Rxd7 42. Bf2 Rh3 43. Bg2 Rh5 44. Qe4 Rd5 45. Qe2 Rxd4 46.
Qxh5 Rxf4 47. Qe8+ Kh7 48. Bxb6 Ng3+ 49. hxg3 Rf1+ 50. Kh2 Rg1 51. Kxg1 h5 52. Kh1 Kh6 53. Qxe6+ Kg5 54. Qe7+ Kg4 55. Qd7+ Kxg3 56. Rd3+ Kf4 57. Qf7+ Kxe5 58. Qe7+ Kf4 59. Rf1+ Kg4 60. Qe4+ Kg5 61. Qf4+ Kg6 62. Be4# 1-0

[Event "Early-Titled-Tuesday-Blitz-October-10-2023"]
[Site "Chess.com"]
[Date "2023.10.10"]
[Round "5"]
[White "Goi_Manne"]
[Black "FERNANDEZL1983"]
[Result "0-1"]
[WhiteElo "2295"]
[BlackElo "2515"]
[TimeControl "180+1"]
[EndTime "8:55:22 PDT"]
[Termination "FERNANDEZL1983 won by checkmate"]

1. e4 c5 2. Nf3 a6 3. c4 Nc6 4. Nc3 e5 5. g3 d6 6. Bg2 g6 7.
O-O Bg7 8. d3 Nge7 9. a3 O-O 10.
Bd2 h6 11. Rb1 Rb8 12. Nd5 b5 13. Qc2 f5 14. b4 fxe4 15. dxe4 bxc4 16. Qxc4 Be6 17.
bxc5 Rxb1 18. Rxb1 dxc5 19. Nxe7+ Qxe7 20. Qxa6 Nd4 21. Nxd4 exd4 22. Rb7 Bc8 23. Qc4+ Qe6 24. Qxe6+ Bxe6 25. Re7 Bf7 26. e5 c4 27. e6 Be8 28. Rc7 c3 29. e7 Rf5 30. Bc1 d3 31.
Rc8 Kf7 32. Rd8 d2 33. Bxd2 cxd2 34. Rxd2 Kxe7 35. Re2+ Re5 36. Ra2 Ra5 37. Bh1 Re5 38.
Bf3 Bd7 39. Kg2 Ra5 40. h4 Be6 41. Re2 Kf7 42. Re3 Bf8 43. Rc3 Bd6 44. Rc6 Ke7 45. Rc3 Rxa3 46. Rc1 Ra2 47. Re1 Kf6 48. Bd1 Bc5 49.
Rf1 Bd5+ 50. Kh2 Rxf2+ 51. Rxf2+ Bxf2 52. Bg4 h5 53. Bh3 Be6 54. Bf1 Bg4 55. Kg2 Be3 56. Bb5 Bf5 57. Bf1 Ke5 58. Be2 Kd4 59. Bd1 Kd3 60. Ba4 Ke2 61. Bc6 Ke1 62. Bf3 Bf2 63. Bb7 Bd3 64. Bf3 Bf5 65. Bc6 Bd4 66. Bf3 Be5 67. Bb7 Kd2 68. Bf3 Ke3 69. Bd1 Bg4 70. Bc2 Bf5 71. Bd1 Bf6 72. Bb3 Kd4 73. Bf7 Ke5 74. Be8 Be4+ 75. Kh3 Be7 76. Bb5 Bc5 77. Kh2 Kf6 78. Be8 Bf3 79. Ba4 g5 80. Bb3 g4 81.
Bc2 Bd6 82. Bb3 Bc6 83. Bg8 Be8 84. Bb3 Ke5 85. Bc2 Kd4 86. Kg2 Ke3 87. Bf5 Bc6+ 88. Kh2 Kf2 89. Bg6 Bxg3# 0-1

[Event "Early-Titled-Tuesday-Blitz-October-10-2023"]
[Site "Chess.com"]
[Date "2023.10.10"]
[Round "5"]
[White "masnyszachistaaa"]
[Black "TigrVShlyape"]
[Result "0-1"]
[WhiteElo "2589"]
[BlackElo "2928"]
[TimeControl "180+1"]
[EndTime "8:55:23 PDT"]
[Termination "TigrVShlyape won by resignation"]

1. e4 c5 2. Nf3 e6 3. g3 a6 4. Bg2 b5 5. O-O Bb7 6. Re1 Nc6 7. c3 c4 8. b3 Rc8 9. Na3 Na5 10. Rb1 Qc7 11.
bxc4 Nxc4 12. Nxc4 Qxc4 13. a4 Nf6 14. axb5 axb5 15.
e5 Ng4 16. Nd4 Bxg2 17. Kxg2 h5 18. Rxb5 Bc5 19. d3 Qa2 20. Qd2 Qa8+ 21. f3 Bxd4 22. cxd4 Nh6 23. Rc5 O-O 24. Qc2 Nf5 25. Bb2 Ne7 26.
Rc1 Rb8 27. Bc3 Nd5 28. Bd2 Qb7 29. Qa2 Qb3 30. Qc2 Qxc2 31. R1xc2 Rb3 32. Ra5 Rxd3 33. Ra4 f6 34. exf6 gxf6 35. f4 Kg7 36. Kf2 Kg6 37. Ke2 Rb3 38. Ra7 Rf7 39. Ra6 Kf5 40. Ra4 h4 41.
gxh4 Rh7 42. Be1 Nxf4+ 43. Kf1 Rf3+ 44. Rf2 Rxf2+ 45. Bxf2 Nd5 46. Ra7 Kg4 47. Kg2 Nf4+ 48. Kf1 f5 49. Bg3 Nd5 50. Bf2 f4 51. Ke2 f3+ 52. Kd3 Nf4+ 53. Ke4 Nh3 54. Bg3 f2 55. Ra1 Rf7 56. Rf1 Rf5 57. d5 exd5+ 58. Ke3 Rf3+ 59. Ke2 d4 60. Bxf2 d3+ 61. Ke1 d2+ 62. Kxd2 Rxf2+ 63. Rxf2 Nxf2 64. Ke3 Nh3 65. Ke4 Nf4 66. Ke5 Ne6 67.
Kd6 Nf8 68. Ke5 Kxh4 69. Kf6 Kh3 70. Ke7 Kxh2 71. Kxf8 d5 0-1

[Event "Early-Titled-Tuesday-Blitz-October-10-2023"]
[Site "Chess.com"]
[Date "2023.10.10"]
[Round "5"]
[White "Mr_Lion22"]
[Black "DarZay"]
[Result "1-0"]
[WhiteElo "2522"]
[BlackElo "2235"]
[TimeControl "180+1"]
[EndTime "8:55:25 PDT"]
[Termination "Mr_Lion22 won on time"]

1. d4 d5 2. c4 e6 3. Nc3 Be7 4.
cxd5 exd5 5. Nf3 c6 6. Qc2 Nf6 7. Bg5 O-O 8. e3 Ne4 9. Bxe7 Qxe7 10. Bd3 f5 11. Ne5 Nd7 12. Nxd7 Bxd7 13. O-O-O b5 14.
Kb1 a5 15. Rhe1 a4 16. f3 Nd6 17. Ne2 Qxe3 18. Ng3 Qg5 19. Qc5 Qg6 20. Re7 Rf7 21.
Rde1 Re8 22. Rxe8+ Bxe8 23. Nxf5 Rxf5 24. g4 Bd7 25.
gxf5 Bxf5 26. Bxf5 Nxf5 27. Ka1 h6 28. Rc1 Qf6 29.
Qxc6 Nxd4 30. Qxd5+ Kh8 31. Rc8+ Kh7 32. Qe4+ Nf5 33.
Rc5 g6 34. Rc7+ Ng7 35. a3 Qd6 36. Rc6 Qd1+ 37. Ka2 Qb3+ 38. Kb1 Qd1+ 39. Rc1 Qd2 40. Rg1 Nf5 41. h4 h5 42. Qc6 Nxh4 43. Qxb5 Nxf3 44.
Qb7+ Kh6 45. Qxf3 h4 46. Qg4 g5 47. Qe6+ Kh5 48. Qf5 Qe3 49. Rg4 Qd2 50. Rg1 Qe3 51.
Qg4+ Kg6 52. Ka2 Qd2 53. Qxh4 Qd5+ 54. Ka1 Qc5 55. Qg4 Qd5 56. Rf1 Qc5 57. Qxa4 Qd5 58. Qc2+ Kh6 59. Qf2 Kh5 60. Qh2+ Kg6 61. Qf2 Qe5 62.
Qf7+ Kh6 63. Rf6+ 1-0

[Event "Early-Titled-Tuesday-Blitz-October-10-2023"]
[Site "Chess.com"]
[Date "2023.10.10"]
[Round "5"]
[White "rasmussvane"]
[Black "Amirreza_p"]
[Result "1-0"]
[WhiteElo "3000"]
[BlackElo "2595"]
[TimeControl "180+1"]
[EndTime "8:55:27 PDT"]
[Termination "rasmussvane won on time"]

1. Nf3 d5 2. g3 Bg4 3. Bg2 Nd7 4. O-O e6 5. h3 Bh5 6. d4 Bd6 7. c4 c6 8. Nc3 Ngf6 9. Qb3 Rb8 10. Nd2 O-O 11.
e4 dxe4 12. Ndxe4 Nxe4 13. Nxe4 Bc7 14. Bg5 Qc8 15. Be7 Re8 16. Nd6 Bxd6 17. Bxd6 Ra8 18. Rfe1 Nf6 19. Be5 Qd7 20. Bxf6 gxf6 21. d5 exd5 22.
cxd5 cxd5 23. Bxd5 Rxe1+ 24. Rxe1 Rd8 25. Bxb7 Qxh3 26. Qc3 Qd7 27. Bg2 Kg7 28. b4 Qd2 29. Qxd2 Rxd2 30. a4 Ra2 31. Bc6 Rb2 32. b5 Ra2 33.
Kg2 Bg6 34. Re7 Bc2 35. Rxa7 Rxa4 36. b6 Be4+ 37. Bxe4 Rxe4 38. Rb7 Rb4 39. Rb8 Rb3 40. f3 f5 41. g4 h5 42. gxf5 Kf6 43. Kg3 Kxf5 44.
Kg2 Kf4 45. Rf8 f5 46. Rf6 Rb2+ 47. Kh3 Rb1 48. Kg2 Rb2+ 49. Kh3 Rb1 50. Kg2 h4 51.
Kh2 Rb2+ 52. Kh3 Rb1 53. Kg2 Rb3 54. Kh2 Rxf3 55. b7 Rb3 56. Rf7 Rb2+ 57. Kh3 Rb3+ 58. Kxh4 Ke4 59. Kg5 Rg3+ 60. Kh4 Rg8 61. Rc7 Kf4 62. Rc8 Rg4+ 63. Kh3 Rg3+ 64. Kh4 Rg1 65. Kh3 Rh1+ 66. Kg2 Rb1 67. b8=Q+ Rxb8 68. Rxb8 1-0

[Event "Early-Titled-Tuesday-Blitz-October-10-2023"]
[Site "Chess.com"]
[Date "2023.10.10"]
[Round "5"]
[White "feuervogel1000000"]
[Black "Grandmaster1369"]
[Result "1-0"]
[WhiteElo "2520"]
[BlackElo "2771"]
[TimeControl "180+1"]
[EndTime "8:55:27 PDT"]
[Termination "feuervogel1000000 won by checkmate"]

1. e4 c5 2. Nf3 e6 3. d4 cxd4 4. Nxd4 a6 5. Bd3 Bc5 6. Nb3 Be7 7. O-O d6 8. Nc3 Nf6 9. Be3 b5 10. a3 Bb7 11. f4 Qc7 12. Qe2 Nbd7 13. Rae1 h5 14.
Kh1 h4 15. Rf3 h3 16. Rg1 hxg2+ 17. Rxg2 g6 18. Kg1 O-O-O 19. Bxb5 axb5 20. Nxb5 Ba6 21. Bd4 Qb7 22. Na5 Bxb5 23. Rc3+ Kb8 24. Rb3 Bxe2 25.
Rxb7+ Kc8 26. Rxe2 Rh5 27. Ra7 Re8 28. Re3 Rb5 29.
Rc3+ Nc5 30. b4 Nxe4 31. Re3 d5 32. bxc5 Bxc5 33. Bxc5 Nxc5 34. Ra8+ Rb8 35. Rxb8+ Kxb8 36. Nc6+ Kc7 37. Ne5 f6 38. Ng4 Nd7 39. Kg2 Kd6 40. Rd3 Nc5 41. Re3 Rf8 42. Kf3 Ne4 43. Nf2 f5 44.
Nd3 Rh8 45. Kg2 Rh4 46. Rh3 Rg4+ 47. Kf1 g5 48. fxg5 Nxg5 49. Re3 Ra4 50. Nb4 Ne4 51. h4 f4 52. Rd3 Ng3+ 53. Kg2 Nf5 54. Kf3 Nxh4+ 55. Kxf4 Ng6+ 56. Kg5 Ne5 57. Rc3 Nc4 58. Nd3 Nxa3 59. Nb2 Ra5 60. Kf4 Nb5 61. Rb3 Nd4 62. Rb6+ Kc5 63. Rb8 Ra6 64. Nd3+ Kc4 65. Ke3 Nxc2+ 66.
Kd2 Nd4 67. Rb4# 1-0

[Event "Early-Titled-Tuesday-Blitz-October-10-2023"]
[Site "Chess.com"]
[Date "2023.10.10"]
[Round "5"]
[White "Masterbeaterr"]
[Black "meoluoi91"]
[Result "1/2-1/2"]
[WhiteElo "2475"]
[BlackElo "2604"]
[TimeControl "180+1"]
[EndTime "8:55:27 PDT"]
[Termination "Game drawn by repetition"]

1. d4 d5 2. c4 c6 3. Nc3 Nf6 4. e3 g6 5. Nf3 Bg7 6. Be2 O-O 7.
O-O Be6 8. b3 Ne4 9. Nxe4 dxe4 10. Ng5 Bf5 11. Bg4 e6 12. Bxf5 exf5 13. Nh3 c5 14.
Bb2 Nc6 15. Ba3 cxd4 16. Bxf8 Qxf8 17. exd4 Bxd4 18. Rc1 Be5 19. Rc2 a5 20. Rd2 a4 21.
Rd5 axb3 22. axb3 Qb4 23. Qc2 Nd4 24. Qd1 Nc6 25. Qc2 Ra3 26. Rb1 Qe7 27. Qd2 Qc7 28.
g3 Qb6 29. Rd7 Nd4 30. Kg2 e3 31. fxe3 Qc6+ 32. Rd5 Nxb3 33. Qb4 Ra2+ 34. Kg1 Nd2 35.
Rxd2 Rxd2 36. Qxd2 Qxc4 37. Rxb7 Qe4 38. Rb4 Qf3 39. Nf4 h5 40. Rb5 Bf6 41. Rb6 Bg5 42. Qf2 Qe4 43. Rb2 h4 44. Rd2 hxg3 45. hxg3 Bf6 46. Re2 Qb1+ 47. Kg2 Qe4+ 48. Qf3 Qc4 49. g4 fxg4 50. Qxg4 Qe4+ 51. Qf3 Qf5 52. Rd2 Qg5+ 53. Qg3 Qf5 54. Rd5 Qe4+ 55. Kh3 Qh1+ 56. Qh2 Qf3+ 57.
Qg3 Qh1+ 58. Qh2 Qf3+ 59. Qg3 Qh1+ 1/2-1/2

[Event "Early-Titled-Tuesday-Blitz-October-10-2023"]
[Site "Chess.com"]
[Date "2023.10.10"]
[Round "5"]
[White "santosalberto1987"]
[Black "DTChess"]
[Result "0-1"]
[WhiteElo "2484"]
[BlackElo "2629"]
[TimeControl "180+1"]
[EndTime "8:55:28 PDT"]
[Termination "DTChess won by resignation"]

1. e4 e5 2. Nf3 Nc6 3. Bc4 Nf6 4. d3 Bc5 5. c3 d6 6. O-O h6 7. Bb3 Bb6 8. Nbd2 Be6 9. Re1 Qd7 10. Nc4 O-O 11. h3 Rad8 12. Nxb6 axb6 13. Qe2 Rfe8 14. Nh2 Bxb3 15. axb3 d5 16. b4 dxe4 17. dxe4 Qd3 18.
Qxd3 Rxd3 19. f3 Nh5 20. Be3 Red8 21. Nf1 Nf4 22. Bxf4 exf4 23. Kf2 Ne5 24. Ra7 R3d7 25. Ke2 c6 26. Raa1 Kf8 27. Red1 Rxd1 28. Rxd1 Ra8 29. Kd2 Ke7 30. Kc2 b5 31. Nd2 Rd8 32. Nf1 Rxd1 33. Kxd1 Nd3 34. b3 Ne5 35. Kc2 Ng6 36. g3 Kf6 37.
Kd2 Ke5 38. g4 Kf6 39. Ke2 Kg5 40. Kf2 Ne5 41. Nd2 Kh4 42. Kg2 f6 43. Kh2 b6 44.
Kg2 c5 45. bxc5 bxc5 46. Kh2 h5 47. Kg2 g6 48. Kh2 Kg5 49. Kg2 hxg4 50. hxg4 Kh4 51. Kh2 b4 52. cxb4 cxb4 53. Kg2 Nc6 54. Kh2 Nd4 55. Kg2 Kg5 56. Kf2 Kh6 57. Ke1 g5 58. Kd1 Kg7 59. Kc1 Kf7 60. Kb2 Ke6 61. Kc1 Kd6 62. Kb2 Kc5 63. Kc1 Nc6 64. Kc2 Kd4 65. Nc4 Kc5 66. Nd2 Ne5 67. Kd1 Kd4 68. Ke2 Kc3 69.
Ke1 Kd3 70. Kd1 Ke3 71. Nc4+ Nxc4 72. bxc4 Kd4 73. Kd2 Kxc4 74. Kc2 Kd4 75. Kb3 Ke3 76. Kxb4 Kxf3 77. e5 fxe5 0-1

[Event "Early-Titled-Tuesday-Blitz-October-10-2023"]
[Site "Chess.com"]
[Date "2023.10.10"]
[Round "5"]
[White "Smiechu"]
[Black "play1ngtheangel"]
[Result "0-1"]
[WhiteElo "2487"]
[BlackElo "2651"]
[TimeControl "180+1"]
[EndTime "8:55:30 PDT"]
[Termination "play1ngtheangel won by resignation"]

1. e4 c5 2. Nf3 Nc6 3. d4 cxd4 4. Nxd4 Nf6 5. Nc3 e5 6. Ndb5 d6 7. Nd5 Nxd5 8. exd5 Nb8 9. a4 Be7 10. Be2 Nd7 11. O-O O-O 12. Be3 a6 13. Na3 f5 14. f4 g5 15. fxe5 Nxe5 16. Nc4 f4 17. Nxe5 dxe5 18. Bf2 Bf5 19. c4 Rc8 20. Rc1 e4 21.
Bd4 b6 22. a5 bxa5 23. c5 g4 24. d6 Bf6 25. Bxa6 Ra8 26. Bc4+ Kg7 27. Rxf4 Kh6 28. Rxf5 Bxd4+ 29. Qxd4 Rxf5 30. Qxe4 Rxc5 31. Qd4 Qg5 32. Rf1 Re5 33. d7 Qe3+ 34. Qxe3+ Rxe3 35. Ba6 Rd8 36.
Bc8 a4 37. Ra1 Re4 38. Kf2 Rb4 39. Ra2 Kg5 40. Kg3 h5 41. h4+ gxh3 42. gxh3 h4+ 43.
Kf3 Rb3+ 44. Ke4 Rxh3 45. Rxa4 Rh2 46. Ke5 Re2+ 47. Kd6 h3 48. Kc7 h2 49. Ra1 Rh8 50. d8=Q+ Rxd8 51. Kxd8 Rxb2 52. Bd7 Kf4 53. Ke7 Rg2 54.
Bc6 Rg1 55. Ra4+ Kg3 56. Ra8 Rb1 57. Rg8+ Kf4 58. Rh8 Rb2 59. Kd6 Kg3 60. Bd5 Rd2 61.
Ke5 Rd1 62. Be4 Rd2 63. Kf5 Ra2 64. Rg8+ Kh3 65. Kf4 Rf2+ 66. Bf3 Rxf3+ 67. Ke4 Rg3 68. Rh8+ Kg2 69. Kf4 Rh3 70. Rg8+ Kf2 71. Ra8 h1=Q 72. Ra2+ Ke1 73. Ra1+ Kd2 0-1

[Event "Early-Titled-Tuesday-Blitz-October-10-2023"]
[Site "Chess.com"]
[Date "2023.10.10"]
[Round "5"]
[White "Herzog2012"]
[Black "Josgar05"]
[Result "1-0"]
[WhiteElo "2496"]
[BlackElo "2231"]
[TimeControl "180+1"]
[EndTime "8:55:34 PDT"]
[Termination "Herzog2012 won by checkmate"]

1. e4 e6 2. Nf3 d5 3. Nc3 d4 4.
Ne2 c5 5. c3 Nc6 6. cxd4 cxd4 7. Qa4 Bc5 8. b4 Bb6 9. b5 Nce7 10. Nexd4 Bd7 11. Qb3 Nf6 12. d3 e5 13. Nc2 Be6 14. Qb2 Ng4 15. Ne3 f6 16. Be2 O-O 17. O-O Ng6 18. Nxg4 Bxg4 19. Be3 Kh8 20. Rad1 Rc8 21. d4 Bxf3 22. Bxf3 exd4 23. Bxd4 Bxd4 24. Rxd4 Qc7 25. Rfd1 Ne5 26. Be2 Qb6 27. g3 Rfe8 28. Kg2 Qc5 29. a4 b6 30. Rd5 Qc7 31. Qd2 Qe7 32. f4 Ng6 33. Bf3 Qa3 34. Rd4 Rc3 35. Qe2 Rb3 36.
R1d3 Rxd3 37. Qxd3 Qa2+ 38. Qd2 Qf7 39. Rd8 Qf8 40.
Rxe8 Qxe8 41. Qe3 Qe7 42. Bh5 Nf8 43. e5 fxe5 44. Qxe5 Ne6 45. f5 Qc5 46. Qxe6 Qc2+ 47. Be2 h6 48. Qe8+ Kh7 49. Qg6+ Kg8 50. Qe8+ Kh7 51. f6 gxf6 52. Kf3 Qc3+ 53. Qe3 Qb4 54. Qe4+ Qxe4+ 55. Kxe4 Kg7 56. Kf5 Kf7 57. Bc4+ Ke7 58. Kg6 Kd6 59. Kxf6 Kc5 60. Be2 Kb4 61. Bd1 Kc3 62.
Kg6 Kd2 63. Bh5 Kc3 64. Kxh6 Kb4 65. Bd1 Ka5 66. g4 Kb4 67. g5 Ka5 68. g6 Kb4 69. g7 Ka5 70. g8=Q Kb4 71. Qd8 Ka5 72. Qd2# 1-0

[Event "Early-Titled-Tuesday-Blitz-October-10-2023"]
[Site "Chess.com"]
[Date "2023.10.10"]
[Round "5"]
[White "Larina_Maria"]
[Black "akanga001"]
[Result "0-1"]
[WhiteElo "2202"]
[BlackElo "2017"]
[TimeControl "180+1"]
[EndTime "8:55:36 PDT"]
[Termination "akanga001 won by checkmate"]

1. e4 e6 2. d4 d5 3. Nc3 Bb4 4. exd5 exd5 5. Bd3 c6 6. a3 Bd6 7. Nf3 Ne7 8. O-O Bf5 9. Re1 O-O 10. Bg5 Bxd3 11.
Qxd3 Qc7 12. h3 Ng6 13. Ne2 Nd7 14. h4 Rfe8 15. h5 Nf4 16. Bxf4 Bxf4 17. Nxf4 Qxf4 18.
g3 Qg4 19. Kg2 Qxh5 20. Nh4 Nf6 21. Nf5 Ne4 22. Qf3 Qxf3+ 23. Kxf3 g6 24. Nh6+ Kg7 25.
Ng4 h5 26. Ne5 f6 27. Nd3 Kf7 28. Kg2 Nd2 29. b3 b6 30. Nb4 Ne4 31. Re2 Rac8 32. Rae1 a5 33. Nd3 Nd6 34. Rd2 Rxe1 35. Nxe1 Re8 36.
Kf1 Nf5 37. Ng2 g5 38. Rd3 Nd6 39. Ne3 Kg6 40. c3 Nb5 41. a4 Nd6 42. Kg2 f5 43.
Kf3 g4+ 44. Kg2 Ne4 45. f3 gxf3+ 46. Kxf3 Ng5+ 47. Kf2 Re4 48. Ng2 Nh3+ 49. Kf3 Kg5 50. Nf4 Nxf4 51. gxf4+ Rxf4+ 52. Kg3 Rg4+ 53. Kh3 h4 54.
Re3 Re4 55. Rf3 f4 56. Rf1 Re3+ 57. Kh2 Rxc3 58. Rg1+ Rg3 59. Re1 Re3 60. Rg1+ Kf5 61. Rg7 Ke4 62. Rh7 Kxd4 63. Rxh4 Ke4 64. Rh7 Rxb3 65. Re7+ Kf3 66. Re6 Rc3 67. Re1 d4 68.
Re5 d3 69. Kg1 Rc2 70. Re6 d2 71. Rd6 Rc1+ 72. Kh2 d1=Q 73. Rg6 Qh1# 0-1